 Dungeon Crawl Stone Soup version 0.28-a0-828-g0121872642 (webtiles) character file.

Game seed: 8003354383148509912

534 bande the Protected (level 7, 0/43 HPs)
             Began as a Gargoyle Fighter on Nov 10, 2021.
             Slain by a killer bee (1 damage)
             ... on level 4 of the Dungeon.
             The game lasted 00:05:59 (4102 turns).

bande the Protected (Gargoyle Fighter)              Turns: 4102, Time: 00:05:59

Health: 0/43       AC: 11    Str: 21    XL:     7   Next: 25%
Magic:  7/7        EV:  8    Int:  8    God:
Gold:   125        SH: 10    Dex: 10    Spells: 6/6 levels left

rFire   + . .      SeeInvis .   a - +0 war axe
rCold   . . .      Faith    .   h - +0 kite shield
rNeg    + + .      Spirit   .   b - +0 scale mail
rPois   ∞          Reflect  .   f - +0 helmet
rElec   +          Harm     .   (no cloak)
rCorr   .          Rampage  .   l - +0 pair of gloves
Will    .....                   (no boots)
Stlth   ..........              (no amulet)
HPRegen 0.14/turn               g - ring of protection from fire
MPRegen 0.10/turn               i - ring of positive energy

@: corroded
A: sickness immunity, AC +4, negative energy resistance 1, electricity
resistance, torment resistance 1, petrification resistance
a: no special abilities


You were on level 4 of the Dungeon.
You visited 1 branch of the dungeon, and saw 4 of its levels.

You collected 125 gold pieces.

Inventory:

Hand Weapons
 a - a +0 war axe (weapon)
 m - a +0 flail
Armour
 b - a +0 scale mail (worn)
 f - a +0 helmet (worn)
 h - a +0 kite shield (worn)
 l - a +0 pair of gloves (worn)
Jewellery
 g - a ring of protection from fire (left hand)
 i - a ring of positive energy (right hand)
Potions
 c - 2 potions of haste {unknown}
 d - a potion of might
 e - 2 potions of curing
 j - a potion of berserk rage
 k - a potion of heal wounds {unknown}
 n - a potion of cancellation {unknown}


   Skills:
 + Level 4.1 Fighting
 + Level 7.6 Axes
 + Level 8.7 Armour
 - Level 0.1 Dodging
 - Level 0.1 Stealth
 + Level 8.6 Shields


You had 6 spell levels left.
You didn't know any spells.
Your spell library contained the following spells:

 Spells                   Type           Power      Damage    Failure   Level
 Shock                    Conj/Air       0%         1d3       93%         1
 Slow                     Hex            0%         N/A       93%         1
 Confusing Touch          Hex            0%         N/A       100%        3
 Swiftness                Air            0%         N/A       100%        3
 Airstrike                Air            0%         N/A       100%        4
 Yara's Violent Unravell  Hex/Tmut       0%         3d3       100%        5


Dungeon Overview and Level Annotations

Branches:
Dungeon (4/15)
 Temple: D:4-7

Altars:
Ru


Innate Abilities, Weirdness & Mutations

You are immune to sickness and miasma.
Your stone body is resilient. (AC +4)
You are immune to poison.
You resist negative energy. (rN+)
You are resistant to electric shocks. (rElec)
You are resistant to unholy torment.
You are immune to petrification.


Message History

You block the killer bee's attack. x2; The killer bee barely misses you.
The jelly hits you but does no damage. The goblin hits you but does no damage.
The killer bee stings you but does no damage.
You slash the jelly!
You kill the jelly!
You closely miss the killer bee.
You hit the killer bee but do no damage.
You closely miss the goblin.
The killer bee stings you but does no damage.
The killer bee stings you.
The killer bee stings you but does no damage.
The killer bee stings you. You block the goblin's attack.
You block the killer bee's attack.
The killer bee stings you but does no damage.
Unknown command.
You closely miss the killer bee. x2; You barely miss the goblin.
You closely miss the killer bee. The killer bee barely misses you.
You block the killer bee's attack. The killer bee stings you. x2
The killer bee stings you but does no damage.
You block the goblin's attack. You block the killer bee's attack. x2
The killer bee stings you. The goblin closely misses you.
Unknown command.
You miss the killer bee. x2; You miss the goblin.
You slash the killer bee! The killer bee barely misses you.
The killer bee stings you but does no damage.
The killer bee stings you. You block the killer bee's attack.
The killer bee stings you.
* * * LOW HITPOINT WARNING * * *
The killer bee stings you!
* * * LOW HITPOINT WARNING * * *
The goblin hits you but does no damage.
The killer bee stings you but does no damage.
You hit the killer bee but do no damage.
You miss the killer bee. You closely miss the goblin.
You closely miss the killer bee. You block the killer bee's attack.
The killer bee stings you.
* * * LOW HITPOINT WARNING * * *
The killer bee closely misses you. You block the killer bee's attack.
The killer bee stings you.
You die...

...............
.....)................(#
.......................#
.......##.....#.#######
###.....##......†######
...........>..........#
..........).......###.#
......yyy.##.....##.#.#
....$.g@...#<....#..#.#
.....##....#....)#..#.#
....................#.#
. ..................#.#
....##............(..#
........#..........###
.....####..........#
[.... ............# ..
.##..........####


You could see 3 killer bees and a goblin.

Vanquished Creatures
  A scorpion (D:4)
  A jelly (D:4)
  Jessica (D:2)
  Terence (D:2)
  2 orc wizards (D:3)
  Robin (D:2)
  6 adders
  A worm (D:2)
  6 dart slugs
  3 orcs (D:3)
  6 bats
  3 endoplasms
  3 giant cockroaches
  20 goblins
  11 hobgoblins
  6 kobolds
  7 quokkas
  6 ball pythons
  A frilled lizard (D:1)
  4 rats
90 creatures vanquished.

Notes
Turn   | Place    | Note
-------+----------+-------------------------------------------
     0 | D:1      | bande the Gargoyle Fighter began the quest for the Orb.
     0 | D:1      | Reached XP level 1. HP: 14/14 MP: 1/1
   109 | D:1      | Reached XP level 2. HP: 19/19 MP: 2/2
   419 | D:1      | Reached XP level 3. HP: 23/23 MP: 3/3
   756 | D:1      | Found a faded altar of an unknown god.
   889 | D:2      | Noticed Robin
  1397 | D:2      | Killed Robin
  1398 | D:2      | Reached XP level 4. HP: 21/29 MP: 4/4
  1852 | D:2      | Noticed Jessica
  1867 | D:2      | Killed Jessica
  1868 | D:2      | Reached XP level 5. HP: 26/33 MP: 5/5
  1934 | D:2      | Found a sacrificial altar of Ru.
  2155 | D:2      | Noticed Terence
  2164 | D:2      | Killed Terence
  3193 | D:3      | Reached XP level 6. HP: 38/38 MP: 6/6
  3551 | D:3      | Reached XP level 7. HP: 42/43 MP: 7/7
  4102 | D:4      | HP: 1/43 [killer bee (3)]
  4102 | D:4      | Slain by a killer bee

Illustrated notes

Levels and vault maps discovered:
D:1:      lemuel_arrival_behind_the_door_large, layout_basic,
          hellmonk_ecumenical_altar_heavens_door
D:2:      layout_loops_corners, basic_altar, uniq_jessica, uniq_robin,
          uniq_terence
D:3:      layout_basic, serial_bayou_pond_a, nrook_campfire
D:4:      layout_basic, nzn_hepliaklqana_mist_gate

Skill      XL: |  1  2  3  4  5 |
---------------+----------------+-----
Axes           | 2 3 7 |  7.6
Fighting       | 4 |  4.1
Armour         | 8 |  8.7
Shields        | 8 |  8.6
Dodging        | |  0.1
Stealth        | |  0.1

Action                   |  1- 3 |  4- 6 |  7- 9 || total
-------------------------+-------+-------+-------++-------
Melee: War axe           |   102 |   154 |    32 ||   288
  Use: Scroll            |     2 |     3 |       ||     5
       Potion            |       |     1 |       ||     1
Armor: Scale mail        |    41 |   113 |    20 ||   174
Dodge: Dodged            |    59 |    57 |    18 ||   134
Block: Buckler           |    25 |     2 |       ||    27
       Kite shield       |       |    58 |    23 ||    81

Table legend: (Time is in decaauts)
 A = Elapsed time spent in this place.
 B = Non-inter-level travel time spent in this place.
 C = Inter-level travel time spent in this place.
 D = Time resting spent in this place.
 E = Time spent auto-exploring this place.
 F = Levels seen in this place.
 G = Mean time per level.
                   A        B        C        D        E       F      G
               +--------+--------+--------+--------+--------+-----+--------+
         Total |   4214 |   4149 |     65 |   1124 |   2207 |   4 | 1053.5 |
       Dungeon |   4214 |   4149 |     65 |   1124 |   2207 |   4 | 1053.5 |
               +--------+--------+--------+--------+--------+-----+--------+

Top non-repeatable levels by time:
     D:2: 1774 daAuts
     D:1: 1325 daAuts
     D:3: 774 daAuts
     D:4: 341 daAuts
